Cogmind - Beta 17 @@@ ROGUE MODE // 2026.08.14 @ 23:26:19 Player: Chris Result: Destroyed by 5P-PPE(j) with Overtuned Pulse Rifle Performance ------------- Evolutions (0) 0 Regions Visited (3) 600 Robots Destroyed (5) 25 Value Destroyed (152) 152 Prototype IDs (12) 240 Alien Tech Used (0) 0 Bonus (800) 800 TOTAL SCORE: 1817 Bonus ------- Registered with UFD 300 Met Optimus in HQ 500 Cogmind --------- Core Integrity 0/250 Matter 180/300 Energy 30/100 System Corruption 1% Temperature Cool (14) Movement Walking (90) Location -7/Scraptown Parts ------- > --- POWER (1) -------- (None) > --- PROPULSION (2) --- Improved VSS Leg > --- UTILITY (2) ------ Small Storage Unit A0-MCA's Component Scanner > --- WEAPON (2) ------- Ripper > --- INVENTORY (8) ---- Shield Generator Overtuned Pulse Rifle Overtuned Quantum Rifle Grenade Launcher Peak State ------------ > --- POWER ------------ Light Ion Engine > --- PROPULSION ------- Overtuned Medium Treads Overtuned Medium Treads > --- UTILITY ---------- Small Storage Unit A0-MCA's Component Scanner > --- WEAPON ----------- Lightning Gun Plasma Cannon > --- INVENTORY -------- Light Ion Engine Overtuned Flexi-carbon Leg Shield Generator Overtuned Pulse Rifle Grenade Launcher Ripper [Rating: 32] Favorites ----------- Power Light Ion Engine Engine Light Ion Engine Propulsion Light Treads Treads Light Treads Leg Overtuned Flexi-carbon Leg Utility Small Storage Unit Device Shield Generator Storage Small Storage Unit Processor A0-MCA's Component Scanner Weapon Lightning Gun Energy Gun Lightning Gun Energy Cannon Plasma Cannon Launcher Grenade Launcher Slashing Weapon Ripper Build | -11 -10 -10 -7 ------- Run | Yrd Mat Sub Scr Slots Evolved . | . . . . Power . | . . . . Propulsion . | . . . . Utility . | . . . . Weapon . | . . . . Parts Attached 20 | 6 . . 14 Power 2 | 1 . . 1 Engine 2 | 1 . . 1 Core . | . . . . Reactor . | . . . . Propulsion 7 | 2 . . 5 Treads 4 | 2 . . 2 Leg 3 | . . . 3 Wheel . | . . . . Hover . | . . . . Flight . | . . . . Utility 3 | 1 . . 2 Device 1 | . . . 1 Storage 1 | 1 . . . Processor 1 | . . . 1 Hackware . | . . . . Protection . | . . . . Artifact . | . . . . Weapon 8 | 2 . . 6 Energy Gun 5 | 2 . . 3 Energy Cannon 1 | . . . 1 Ballistic Gun . | . . . . Ballistic Cannon . | . . . . Launcher 1 | . . . 1 Special Weapon . | . . . . Impact Weapon . | . . . . Slashing Weapon 1 | . . . 1 Piercing Weapon . | . . . . Special Melee Weapon . | . . . . Unidentified Prototypes . | . . . . Parts Lost 7 | . . . 7 Power 2 | . . . 2 Propulsion 3 | . . . 3 Utility . | . . . . Weapon 2 | . . . 2 Highest Loss Streak 5 | . . . 5 To Critical Strikes . | . . . . Average Backups 4 | . 1 2 5 Power . | . 1 1 . Propulsion . | . . . . Utility . | . . . . Weapon 3 | . . 1 3 Tool/Special . | . . . . Unused Backups 2 | . . . 2 Power . | . . . . Propulsion . | . . . . Utility . | . . . . Weapon 2 | . . . 2 Tool/Special . | . . . . Average Slot Usage (%) 86 | . 85 85 87 Engine 13 | . 14 14 13 Treads 26 | . 28 28 26 Device 4 | . . . 5 Storage 14 | . 14 14 14 Processor 6 | . . . 7 Energy Gun 13 | . 28 28 9 Energy Cannon 6 | . . . 7 Peak Build Rating 32 | 6 6 6 32 Average Rating 18 | 4 6 6 21 On Entrance 4 | . 6 6 6 Avg Prop Armor Cover (%) 16 | . . . 16 Naked Turns . | . . . . Heaviest Build 21 | 11 11 11 21 Greatest Support 50 | 40 40 40 50 Greatest Overweight (x) 6 | . . . 6 Average Overweight (x) 1 | . . . 1 Largest Inventory Capacity 8 | 8 8 8 8 Average Capacity 7 | 6 8 8 8 Most Carried 8 | 1 2 3 8 Average Carried 4 | . 1 2 5 Final Capacity 8 | 8 8 8 8 Final Carried 4 | 1 2 3 4 Class Distribution -------------------- 100% | Mutant Dominant Class ---------------- Mutant | -10/Materials Mutant | -10/Subcaves Mutant | -7/Scraptown Resources | -11 -10 -10 -7 ----------- Run | Yrd Mat Sub Scr Matter Collected 315 | 125 . . 190 Remotely . | . . . . Salvage Created 177 | 50 . . 127 Parts 10 | 6 . . 4 Haulers Intercepted . | . . . . Recyclers Shooed . | . . . . Parts Field Recycled . | . . . . Retrieved Matter . | . . . . Parts Self-Destructed . | . . . . Prevented . | . . . . Parts Restored . | . . . . Kills | -11 -10 -10 -7 ------- Run | Yrd Mat Sub Scr Combat Hostiles Destroyed 3 | . . . 3 Melee 2 | . . . 2 Guns 1 | . . . 1 Classes Destroyed 5 | 2 . . 3 Worker 1 | 1 . . . Tunneler 1 | 1 . . . Ranger 1 | . . . 1 Scrapper 1 | . . . 1 Mutant 1 | . . . 1 Best Kill Streak 1 | 1 . . 1 Combat Bots Only 1 | . . . 1 Max Kills in Single Turn 1 | 1 . . 1 Gunslinging . | . . . . Exploded . | . . . . Melee 1 | . . . 1 Uniques/NPCs Destroyed . | . . . . Combat | -11 -10 -10 -7 -------- Run | Yrd Mat Sub Scr Hostile Shots Fired 118 | . . 3 115 Missed 40 | . . 1 39 Hits 78 | . . 2 76 Projectile 78 | . . 2 76 Critical Strikes 2 | . . . 2 Part Disruptions 1 | . . . 1 Damage Taken 1026 | . . 48 978 Core 259 | . . . 259 Absorbed by Shields . | . . . . Core Remaining (%) 100 | 100 . . . Volleys Fired 17 | 2 1 1 13 Largest 2 | 2 2 2 2 Hottest 175 | 90 90 90 175 Shots Fired 21 | 4 2 2 13 Gun 17 | 4 2 2 9 Cannon . | . . . . Launcher 4 | . . . 4 Special . | . . . . Kinetic . | . . . . Thermal 11 | 4 2 2 3 Explosive 4 | . . . 4 Electromagnetic 6 | . . . 6 Robot Hit Streak 9 | 2 1 . 9 Robot Miss Streak 1 | 1 1 . 1 Penetration Max . | . . . . Secondary Targets . | . . . . Shots Hit Robots 20 | 3 1 . 16 Core Hits 10 | 2 . . 8 Critical Kills . | . . . . Critical Parts Destroyed . | . . . . Critical Strikes 1 | . . . 1 Sever 1 | . . . 1 Melee Attacks 7 | . . . 7 Impact . | . . . . Slashing 7 | . . . 7 Piercing . | . . . . Sneak Attacks . | . . . . Combat Hostiles . | . . . . Follow-up Attacks . | . . . . Damage Inflicted 543 | 45 11 . 487 Guns 207 | 45 11 . 151 Cannons . | . . . . Explosions 140 | . . . 140 Melee 196 | . . . 196 Ramming . | . . . . Kinetic . | . . . . Thermal 124 | 45 11 . 68 Explosive 140 | . . . 140 Electromagnetic 83 | . . . 83 Impact . | . . . . Slashing 196 | . . . 196 Piercing . | . . . . Highest Corruption 1 | . . . 1 Average Corruption 1 | . . . 1 Corruption Purged . | . . . . Corruption Blocked . | . . . . Overload Shots . | . . . . Overflow Damage 10 | . . . 10 Projectiles . | . . . . Explosions 4 | . . . 4 Melee 6 | . . . 6 Knockbacks . | . . . . Impact . | . . . . Kinetic . | . . . . Secondary . | . . . . Self-Inflicted Damage 49 | . . . 49 Shots 2 | . . . 2 Rammed . | . . . . Targets Rammed . | . . . . Kicked . | . . . . Crushed . | . . . . Highest Temperature 292 | 30 30 . 292 Average Temperature 128 | 18 18 . 157 Received Heat Transfer 356 | . . . 356 Siege Activations . | . . . . Martial Activations . | . . . . Shielding Activations . | . . . . Robots Disrupted . | . . . . Combat Hostiles . | . . . . Robots Corrupted . | . . . . Combat Hostiles . | . . . . Parts Fried 1 | . . . 1 Impact Corruptions . | . . . . Robots Melted . | . . . . Combat Hostiles . | . . . . Parts Melted . | . . . . Heat Transferred 273 | 124 25 . 124 Parts Sabotaged . | . . . . Parts Stolen . | . . . . Parts Stripped . | . . . . Power Chain Reactions . | . . . . Alert | -11 -10 -10 -7 ------- Run | Yrd Mat Sub Scr Maximum Alert Level . | . . . . Low Security (%) 100 | 100 100 . . Level 1 . | . . . . Level 2 . | . . . . Level 3 . | . . . . Level 4 . | . . . . Level 5 . | . . . . High Security . | . . . . Max Security . | . . . . Peak Influence 17 | 5 17 . . Initial 3 | . 3 . . Average 1 | . 1 . . Influence Increases 27 | 10 17 . . Destroy 0b10 Robot/NC 10 | 10 . . . Successful Hack 2 | . 2 . . Partial Spotted 15 | . 15 . . Influence Decreases 27 | 5 22 . . Entered New Map 2 | . 2 . . Time Decay 25 | 5 20 . . Squads Dispatched 1 | . 1 . . Investigation 1 | . 1 . . Extermination . | . . . . Reinforcement . | . . . . Assault . | . . . . Garrison . | . . . . Intercept . | . . . . Searches Triggered . | . . . . Construction Impeded . | . . . . Haulers Reinforced . | . . . . Active Scanning Responses . | . . . . Cargo Convoy Interrupts . | . . . . Stealth | -11 -10 -10 -7 --------- Run | Yrd Mat Sub Scr Distress Signals . | . . . . Communications Jammed . | . . . . Distress Signals . | . . . . Times Spotted 18 | . 1 2 15 Peak Tracking Total 8 | . 1 2 8 Tactical Retreats . | . . . . Traps | -11 -10 -10 -7 ------- Run | Yrd Mat Sub Scr Traps Triggered . | . . . . Indirectly . | . . . . Trap Hack Attempts . | . . . . Triggered . | . . . . Disarmed . | . . . . Reprogrammed . | . . . . Reused . | . . . . Traps Extracted . | . . . . Installed . | . . . . Triggered . | . . . . Machines | -11 -10 -10 -7 ---------- Run | Yrd Mat Sub Scr Machines Disabled . | . . . . Max in Single Turn . | . . . . Machines Repaired . | . . . . Machines Dismantled . | . . . . Machines Sabotaged . | . . . . Overloaded Fab Kills . | . . . . Hacking | -11 -10 -10 -7 --------- Run | Yrd Mat Sub Scr Machines Accessed 3 | . 2 . 1 Terminals 2 | . 2 . . Fabricators . | . . . . Repair Stations . | . . . . Recycling Units . | . . . . Scanalyzers . | . . . . Garrison Access . | . . . . Total Hacks 13 | . 6 . 7 Successful 11 | . 4 . 7 Failed 2 | . 2 . . Catastrophic 1 | . 1 . . Database Lockouts . | . . . . Manual 2 | . 2 . . Terminals 6 | . 6 . . Fabricators . | . . . . Repair Stations . | . . . . Recycling Units . | . . . . Scanalyzers . | . . . . Garrison Access . | . . . . Terminal Hacks 11 | . 4 . 7 Record 9 | . 2 . 7 Prototype ID Bank 1 | . 1 . . Recall Investigation 1 | . 1 . . Fabricator Hacks . | . . . . Repair Station Hacks . | . . . . Recycling Unit Hacks . | . . . . Scanalyzer . | . . . . Garrison Access Hacks . | . . . . Unauthorized Hacks . | . . . . Terminals . | . . . . Fabricators . | . . . . Repair Stations . | . . . . Recycling Units . | . . . . Scanalyzers . | . . . . Garrison Access . | . . . . Data Cores Recovered . | . . . . Used . | . . . . Hacking Detections 2 | . 2 . . Full Trace Events 1 | . 1 . . Feedback Events . | . . . . Feedback Blocked . | . . . . Robot Schematics Acquired . | . . . . Robots Built . | . . . . Authchips . | . . . . Time . | . . . . Total Robot Build Rating . | . . . . Part Schematics Acquired . | . . . . Parts Built . | . . . . Authchips . | . . . . Time . | . . . . Total Part Build Rating . | . . . . Part Studies Acquired . | . . . . Parts Repaired . | . . . . Time . | . . . . Parts Recycled . | . . . . Recycled Matter . | . . . . Retrieved Matter . | . . . . Retrieved Components . | . . . . Parts Scanalyzed . | . . . . Part Schematics Acquired . | . . . . Parts Damaged . | . . . . Bothacking | -11 -10 -10 -7 ------------ Run | Yrd Mat Sub Scr Used RIF Installer . | . . . . Robots Hacked . | . . . . Non-combat . | . . . . Combat . | . . . . Robot Hacks Applied . | . . . . Relay Couplers Released . | . . . . Fabnet Peak Effective % . | . . . . Robots Rewired . | . . . . Allies Hacked . | . . . . Hacks Repelled . | . . . . Allies | -11 -10 -10 -7 -------- Run | Yrd Mat Sub Scr Total Allies . | . . . . Largest Group . | . . . . Highest-Rated Group . | . . . . Highest-Rated Ally . | . . . . Total Orders . | . . . . Ally Attacks . | . . . . Total Damage . | . . . . Kills . | . . . . Allies Corrupted . | . . . . Allies Melted 4 | . . . 4 Intel | -11 -10 -10 -7 ------- Run | Yrd Mat Sub Scr Active Infowar (turns) . | . . . . Robot Analysis Total . | . . . . Derelict Logs Recovered . | . . . . Drone Launches . | . . . . Drone Recoveries . | . . . . Exploration | -11 -10 -10 -7 ------------- Run | Yrd Mat Sub Scr Turns Passed 2513 | 119 216 264 1914 Spaces Moved 1231 | 62 133 99 937 Core 254 | 3 . . 251 Treads 906 | 59 133 99 615 Legs 71 | . . . 71 Wheels . | . . . . Hover . | . . . . Flight . | . . . . Fastest Speed 50 | 50 160 160 90 Average Speed 185 | 154 160 160 193 Slowest Speed 350 | 160 160 160 350 Overloaded Moves . | . . . . Propulsion Burnouts . | . . . . Robots Hopped . | . . . . Potential Cave-ins . | . . . . Cave-ins Triggered . | . . . . Exploration Rate (%) 20 | 4 20 7 50 Regions Visited 3 Branch Regions 2 Pre-discovered Areas . | . . . . Known Exits Taken . | . . . . Unknown Exits Taken 3 | 1 1 1 . Scrap Searched 2 | . . . 2 Spaces Dug . | . . . . Terrain Destroyed 6 | . . . 6 Melee . | . . . . Projectile . | . . . . AOE 6 | . . . 6 Terrain Rammed . | . . . . Walls Destroyed . | . . . . Machines Disabled . | . . . . Actions | -11 -10 -10 -7 --------- Run | Yrd Mat Sub Scr Total 1434 | 78 134 203 1019 Wait 137 | 8 . 103 26 Move 1228 | 61 132 98 937 Hop . | . . . . Pick Up 7 | 1 1 1 4 Fast Attach 14 | 6 . . 8 Attach 6 | . . . 6 Detach 9 | . . . 9 Swap 3 | . . . 3 Drop 6 | . . . 6 Fire 17 | 2 1 1 13 Melee 7 | . . . 7 Ram . | . . . . Kick . | . . . . Crush . | . . . . Escape Stasis . | . . . . Rewire . | . . . . Trap . | . . . . Miscellaneous . | . . . . Route ------- -11/Scrapyard -10/Materials -10/Subcaves -7/Scraptown History --------- Turn | Location | Event 14 | -11/Scrapyard | Discovered new exit (range 14) 120 | -11/Scrapyard | Entered Materials 121 | -10/Materials | Met a group of wandering Federalists 246 | -10/Materials | Discovered new exit (range 14) 311 | -10/Materials | Build established: Mutant 336 | -10/Materials | Entered Subcaves 337 | -10/Subcaves | Continued accompanying wandering Federalists (5) 337 | -10/Subcaves | Approached by a straggling Scientist 338 | -10/Subcaves | Shifting Twisted Machinery released Ripper 348 | -10/Subcaves | Shifting Twisted Machinery released Riot Gun 404 | -10/Subcaves | A swath of the cavern ceiling suddenly collapsed 543 | -10/Subcaves | Wandering Federalist uncovered a shortcut to Scraptown 600 | -10/Subcaves | Entered Scraptown 954 | -7/Scraptown | Visited UFD Registry 954 | -7/Scraptown | Registered with UFD as "Roughlauncher" 1113 | -7/Scraptown | Visited Modified Component R&D 1271 | -7/Scraptown | Visited Junk Repository 1370 | -7/Scraptown | Visited Scrap Suit Storage 1409 | -7/Scraptown | Visited A0-MCA Data Center 1419 | -7/Scraptown | Given a C rating by A0-MCA 1428 | -7/Scraptown | Found A0-MCA's Component Scanner 1513 | -7/Scraptown | Visited Analyses Database 1849 | -7/Scraptown | Visited Science Guys 1912 | -7/Scraptown | Visited LU-1G1's Boring Crew 1965 | -7/Scraptown | Visited Sword Containment 2185 | -7/Scraptown | Met Optimus 2185 | -7/Scraptown | Accepted into 0bPrime 2295 | -7/Scraptown | Civil war broke out across Scraptown 2369 | -7/Scraptown | Optimus destroyed in the chaos of civil war 2441 | -7/Scraptown | Lost 8 allies 2490 | -7/Scraptown | Core integrity fell below 50% 2511 | -7/Scraptown | Core integrity fell below 20% 2514 | -7/Scraptown | Destroyed by 5P-PPE(j) with Overtuned Pulse Rifle Last Messages --------------- 02474_ Bolt penetrates Machine. 02477_ Penetrated by Bolt. 02478_ Destroyed Airjet. 02480_ Penetrated by Bolt. 02482_ Q5-I3L(h) Bolt Gun severed. 02482_ Penetrated by Bolt. 02485_ Lgt. Ion Engine destroyed. 02486_ Ovr. Pulse Rifle destroyed. 02489_ Penetrated by Bolt. 02491_ K1-RKD(j) switches sides: "I don't know who to fight for!" 02491_ Penetrated by Bolt. 02493_ Bolt penetrates UFD Mainframe. 02493_ K1-RKD(j) destroyed. 02495_ Q5-I3L(h) destroyed. 02499_ Acquired Imp. VSS Leg. 02503_ Critical hit (Burn: +50). 02513_ 2N-5ZZ(g) destroyed. 02513_ Ovr. Flexi-carbon Leg destroyed. 02514_ 5M-6NY(j) heat damages Ovr. Pulse Rifle. Map ----- +----------------------------------------------------+ | ?????????????" " "???????#""""" ""#???#### | | ????????????#""" " """#??????#####" "#???#[ # | | ????????????#""" " """#??????#""""" X#???#! # | | ????????????#" "???????# = ##???# # | | ????????????#""" """???????# "#???# | | ????????????# ?????????# "#???# | | ?????????????"""""???????????##### ###???#### | | ?? ############ ##########???????### = ########## | | #???????#""" ! """"""""" | | #???????#" | | #???????#" !!= | | #???????# !%%=! | | ? #???????# *=%% = | | ?###############g! g #???#####" %=!!%** | | ???????????????# !% #???#""" [* """%""= " | | ???????????????# % #???#"""" =[ """""""""" | | ???????????????# j #???#""" ![%!*""###### | | ???????????????# #???#""" [! %= ""# | | ???????????????# #???#"""" [%!=%["# | | ???????????????# * ###?#"""" = = "# "" | | ???????????????# [ ""#"#"""" " # "" | | ???????????????# x j= """"#""" ! ""# " | | ???????????????# !% % ""######" %= "" "" | | ???????????????# %! * ###?????# %== "" ! "" | | ???????????????# ######### [! ""# " | | ???????????????# @ ! ""# "" | | ???????????????# ] ""# "" | | ???????????????# !%= ""# | | ???????????????# *! !%* ""# | | ???????######### % =!% g ""###### | | ?????? * """"""""" | | ?????? ![[ !%! ! """"""""" | | ?????? !%= ! ! ! % ! | | ?????? =* !%= *%= [=%*= | | ?????? != = ! %[===[!*[ | | ?????? %!!%/ #""""# !![[!%!= | | ??????? = = j #????#" =%!*!%**% | | ??????? #????#" !"%!%""""""""" | | ????????### ########## ####????##"####=######### | | ????????? ?????????# #????????? ## #???? | | ????????? ???????????# #???????????# #???# | | ?????????????????????# #???????????# #???# | | ?????????????????????# #???????????###X ####???# | | ?????????????????????# #?????????????##"#??????# | | ?????????????????????# #???????????????????????? | | ?????????????????????# #???????????????????????? | | ?????????????????????# #???????????????????????? | | ?????????????????????# #???????????????????????? | | ?????????????????????# #???????????????????????? | | ?????????????????????# #???????????????????????? | +----------------------------------------------------+ Best States ------------- Heat Dissipation 25 Energy Generation 10 Energy Capacity 125 Matter Stores 280 Matter Capacity 300 Sight Range 16 Terrain Scan Density 10 Evasion (%) 57 Recoil Reduction 2 Item Schematics ----------------- None Robot Schematics ------------------ None Fabricated ------------ Nothing Repaired ---------- Nothing Studied --------- None Alien Tech Used ----------------- None Achievements -------------- Civilization 2243 Link The Feds Sprinter Strength In Numbers Wiki Contributor Challenges ------------ None Game ------ Seed DeuteriumShieldTrap Manual? 0 Play Time 00:24:13 Cumulative 17.4 hours Start 2026.08.14 @ 23:03:32 End 2026.08.14 @ 23:26:19 Sessions 1 Manual Loads 0 Difficulty Rogue Special Mode None Game No. 60 Rogue 60 Adventurer 0 Explorer 0 Win Type - Total 0 Types 0/0/0/0/0/0/0/0/0/0 Lore% 8 Gallery% 15 Achievement% 12 Wizard Run 0 Options --------- Layout 1 ASCII 0 Keyboard 1 Movement Vi Keybinds 0 Fullscreen 1 Font 64/SmallcapsGlow Map View 50x35 Zoom Use 0% Tactical HUD 1 Map Filters NONE Filters NONE Steam 1 RUN: 289a4dce-dbef-44d4-84c9-e6c626244bd2